Cogmind - Beta 13 @@@ ROGUE MODE // 2024.04.02 @ 02:27:02 Player: AliceTheGorgon Result: Destroyed by H-66 Slayer with Gauss Rifle Performance ------------- Evolutions (5) 2500 Regions Visited (12) 2400 Robots Destroyed (130) 650 Value Destroyed (4180) 4180 Prototype IDs (2) 40 Alien Tech Used (0) 0 Bonus (813) 813 TOTAL SCORE: 10583 Bonus ------- High Alert Combat Kills 12 Follower Combat Kills 370 Entered DSFs 500 Friendly Fire -69 Cogmind --------- Core Integrity 0/1000 Matter 139/300 Energy 96/100 System Corruption 2% Temperature Cool (9) Movement Core (150) Ox2 Location -5/Upper Caves Parts ------- > --- POWER (4) -------- (None) > --- PROPULSION (4) --- (None) > --- UTILITY (6) ------ Structural Scanner Improved Signal Interpreter Targeting Computer > --- WEAPON (3) ------- Advanced Assault Cannon > --- INVENTORY (5) ---- Cooled Nuclear Pulse Thruster Improved Datajack Peak State ------------ > --- POWER ------------ Light Ion Engine Reinforced Deuterium Engine Light Angular Momentum Engine Micro Fission Core > --- PROPULSION ------- Armored Huge Wheel Armored Huge Wheel > --- UTILITY ---------- Improved Sensor Array Improved Signal Interpreter Targeting Computer Advanced Melee Analysis Suite Weapon Cycler Improved Shield Generator > --- WEAPON ----------- Gauss Rifle Heavy Assault Cannon > --- INVENTORY -------- Structural Scanner Terrain Scan Processor Improved Shield Generator System Restoration Module Cooled Particle Cannon [Rating: 63] Favorites ----------- Power Improved Ion Engine Engine Improved Ion Engine Power Core Micro Nuclear Core Reactor Antimatter Reactor Propulsion Advanced Treads Treads Advanced Treads Leg Carbon-fiber Leg Wheel Armored Huge Wheel Hover Unit Gravmag System Flight Unit Cooled Nuclear Pulse Thruster Utility Hardened Light Armor Plating Device ECM Suite Storage High-capacity Storage Unit Processor Targeting Computer Hackware System Shield Protection Hardened Light Armor Plating Weapon Autogun Energy Gun Beam Rifle Energy Cannon Particle Cannon Ballistic Gun Autogun Ballistic Cannon Advanced Assault Cannon Launcher Rocket Launcher Special Weapon Remote Datajack Piercing Weapon Spear Special Melee Weapon Improved Datajack Build | -11 -10 -10 -9 -9 -8 -7 -7 -7 -7 -6 -5 -5 ------- Run | Yrd Mat Min Mat Sto Mat Fac Was Fac DSF Fac Fac Upp Slots Evolved 10 | . . . 2 . 2 2 . . . 2 2 . Power 3 | . . . . . . 1 . . . 1 1 . Propulsion 2 | . . . . . . 1 . . . 1 . . Utility 4 | . . . 2 . 1 . . . . . 1 . Weapon 1 | . . . . . 1 . . . . . . . Parts Attached 185 | 5 8 15 13 11 37 19 3 4 10 24 36 . Power 27 | 1 . 2 1 1 2 3 1 . 1 6 9 . Engine 21 | 1 . 2 1 1 2 . . . 1 6 7 . Core 5 | . . . . . . 3 . . . . 2 . Reactor 1 | . . . . . . . 1 . . . . . Propulsion 33 | 2 . 5 3 2 7 5 2 . 2 2 3 . Treads 11 | . . 2 3 2 3 . 1 . . . . . Leg 11 | . . 1 . . 4 5 . . . . 1 . Wheel 8 | 2 . 2 . . . . . . 2 2 . . Hover 1 | . . . . . . . 1 . . . . . Flight 2 | . . . . . . . . . . . 2 . Utility 63 | . 4 4 6 4 15 6 . 3 4 7 10 . Device 33 | . 2 2 2 2 7 3 . 1 . 4 10 . Storage 1 | . . . . 1 . . . . . . . . Processor 6 | . . . . . 2 1 . . . 3 . . Hackware 2 | . . . . . 1 . . 1 . . . . Protection 21 | . 2 2 4 1 5 2 . 1 4 . . . Artifact . | . . . . . . . . . . . . . Weapon 62 | 2 4 4 3 4 13 5 . 1 3 9 14 . Energy Gun 7 | 1 . . 1 . 3 . . . . . 2 . Energy Cannon 2 | . . . . 1 . . . . . . 1 . Ballistic Gun 21 | 1 2 . 2 1 6 1 . . . 4 4 . Ballistic Cannon 14 | . . 2 . . 2 2 . 1 . 1 6 . Launcher 9 | . 2 1 . 2 2 . . . 2 . . . Special Weapon 4 | . . 1 . . . 1 . . . 2 . . Impact Weapon . | . . . . . . . . . . . . . Slashing Weapon . | . . . . . . . . . . . . . Piercing Weapon 2 | . . . . . . . . . 1 1 . . Special Melee Weapon 3 | . . . . . . 1 . . . 1 1 . Unidentified Prototypes 2 | . . . . . . . . . . . 2 . Parts Lost 46 | . 1 1 . . 2 2 1 . 11 9 17 2 Power 10 | . . . . . . . . . 2 3 5 . Propulsion 6 | . . 1 . . . . . . 1 1 2 1 Utility 16 | . . . . . 1 2 1 . 4 3 4 1 Weapon 14 | . 1 . . . 1 . . . 4 2 6 . Highest Loss Streak 11 | . 1 1 . . 2 1 1 . 5 4 11 2 To Critical Strikes . | . . . . . . . . . . . . . Average Slot Usage (%) 88 | . 85 99 98 99 98 96 75 69 57 67 53 36 Engine 9 | . 14 14 10 11 8 4 . . 1 10 8 . Core 1 | . . . . . . 9 7 7 5 . 2 5 Treads 11 | . . 7 21 21 14 . 5 7 1 . . . Leg 2 | . . . . . 3 21 5 . . . . 1 Wheel 3 | . 28 19 . . . . . . 5 10 3 . Device 15 | . 12 14 13 21 16 14 12 13 8 9 10 6 Storage 2 | . . . . 9 2 . . . . . . . Processor 7 | . . . . . 13 16 13 7 7 14 13 11 Hackware 1 | . . . . . 3 . . 5 7 4 . . Protection 9 | . 6 13 30 12 8 5 4 5 6 . . . Energy Gun 1 | . 5 . 5 . 2 . . . . . 1 . Ballistic Gun 11 | . 8 . 9 20 19 5 . . . 4 3 . Ballistic Cannon 4 | . . 12 4 . 3 11 11 13 7 1 3 9 Launcher 1 | . 8 14 1 1 . . . . 1 . . . Naked Turns . | . . . . . . . . . . . . . Heaviest Build 76 | 7 18 20 30 63 76 46 53 34 44 48 56 22 Greatest Support 70 | 20 20 40 44 44 45 47 70 70 70 56 56 15 Greatest Overweight (x) 9 | . . 1 1 1 2 1 1 . 1 1 9 5 Average Overweight (x) . | . . . . . . . . . . . . 2 Largest Inventory Capacity 20 | 5 5 5 5 20 20 5 5 5 5 5 5 5 Average Capacity 9 | 5 5 5 5 17 9 5 5 5 5 5 5 5 Most Carried 20 | 5 5 5 5 16 20 5 5 5 5 5 5 2 Average Carried 6 | 2 4 4 4 10 8 4 3 1 3 4 4 2 Final Capacity 20 | 5 5 5 5 20 5 5 5 5 5 5 5 5 Final Carried 16 | 4 5 5 5 16 5 5 3 1 2 5 2 2 Class Distribution -------------------- 39% | Mutant 14% | Tank 14% | Commander-Mutant 11% | Skirmisher 5% | Scavenger-Mutant 3% | Scavenger-Gunner 3% | Scavenger-Skirmisher Dominant Class ---------------- Mutant | -10/Materials Mutant | -10/Mines Mutant | -9/Materials Commander-Mutant | -9/Storage Skirmisher | -8/Materials Mutant | -7/Factory Scavenger-Tank | -7/Waste Tank | -7/Factory Mutant | -7/DSF Scavenger-Gunner | -6/Factory Scavenger-Mutant | -5/Factory Scavenger-Mutant | -5/Upper Caves Resources | -11 -10 -10 -9 -9 -8 -7 -7 -7 -7 -6 -5 -5 ----------- Run | Yrd Mat Min Mat Sto Mat Fac Was Fac DSF Fac Fac Upp Matter Collected 5062 | 259 22 550 175 597 1043 508 288 . 231 631 758 . Remotely . | . . . . . . . . . . . . . Salvage Created 4928 | 35 87 256 81 390 1136 544 300 . 242 795 1062 . Parts 277 | 3 13 10 9 25 76 32 2 . 12 55 40 . Haulers Intercepted 5 | . 1 . . 1 2 . . . . . 1 . Recyclers Shooed 7 | . . . . 1 2 . . . . 3 1 . Parts Field Recycled . | . . . . . . . . . . . . . Retrieved Matter . | . . . . . . . . . . . . . Parts Self-Destructed . | . . . . . . . . . . . . . Prevented . | . . . . . . . . . . . . . Kills | -11 -10 -10 -9 -9 -8 -7 -7 -7 -7 -6 -5 -5 ------- Run | Yrd Mat Min Mat Sto Mat Fac Was Fac DSF Fac Fac Upp Combat Hostiles Destroyed 94 | 1 . 19 4 8 22 9 1 . 5 7 18 . Melee 4 | . . . . . . . . . 2 2 . . Guns 45 | 1 . . 4 8 17 4 . . . 4 7 . Cannons 27 | . . 8 . . 3 5 1 . 2 1 7 . AOE 18 | . . 11 . . 2 . . . 1 . 4 . Classes Destroyed 18 | 1 3 5 . . 1 3 1 . 2 2 . . Worker 15 | . . 1 . 1 2 1 . . . 8 2 . Builder 6 | . 1 . . 1 1 . . . . 3 . . Tunneler 3 | . . . . . . . . . . 2 1 . Hauler 5 | . 1 . . 1 2 . . . . . 1 . Recycler 4 | . . 1 . 1 . 1 . . . 1 . . Mechanic 2 | . . . . . . 1 . . . . 1 . Watcher 13 | . 2 . . . 5 2 . . . 2 2 . Swarmer 16 | . . 3 3 3 7 . . . . . . . Grunt 36 | 1 . 3 1 3 7 6 . . 1 3 11 . Brawler 1 | . . . . . . 1 . . . . . . Duelist 1 | . . . . . . . . . 1 . . . Sentry 13 | . . 1 . 2 6 1 . . 1 . 2 . Specialist 2 | . . . . . . . . . 2 . . . Hunter 6 | . . . . . 2 . . . . 3 1 . Programmer 5 | . . . . . . 1 . . . . 4 . Heavy 1 | . . . . . . . . . . 1 . . Compactor 1 | . . . . . . . 1 . . . . . Assembled 12 | . . 12 . . . . . . . . . . Best Kill Streak 8 | 1 2 6 2 4 5 5 1 . 2 4 8 . Combat Bots Only 7 | 1 . 6 2 3 5 4 1 . 2 2 7 . Max Kills in Single Turn 4 | 1 2 3 1 1 2 3 1 . 1 1 4 . Gunslinging . | . . . . . . . . . . . . . Exploded 3 | . . 2 . . 1 . . . 1 . 3 . Melee 1 | . . . . . . . . . 1 1 . . Uniques/NPCs Destroyed . | . . . . . . . . . . . . . Combat | -11 -10 -10 -9 -9 -8 -7 -7 -7 -7 -6 -5 -5 -------- Run | Yrd Mat Min Mat Sto Mat Fac Was Fac DSF Fac Fac Upp Hostile Shots Fired 760 | 4 . 17 45 60 132 42 1 . 185 88 170 16 Missed 214 | 3 . 5 16 16 34 10 . . 59 26 42 3 Damage Taken 9229 | 10 129 267 264 407 1142 525 181 . 2103 1248 2656 297 Core 2132 | . . 35 29 59 83 101 133 . 415 272 886 119 Absorbed by Shields 886 | . . . . 160 143 32 . . 264 . 282 5 Regen/Repaired (Parts) 412 | . . . 145 61 206 . . . . . . . Core Remaining (%) 70 | 100 . 86 . 78 84 . . . 7 68 . . Volleys Fired 374 | 3 6 31 20 40 72 40 13 1 9 45 87 7 Largest 3 | 2 2 2 2 2 3 3 2 2 2 2 2 2 Hottest 140 | 60 66 100 88 63 114 96 96 96 96 100 140 96 Shots Fired 706 | 6 10 50 27 81 208 85 25 2 18 73 111 10 Gun 442 | 6 6 . 20 69 182 25 . . . 58 76 . Cannon 206 | . . 24 7 . 20 56 25 2 17 10 35 10 Launcher 42 | . 4 19 . 12 6 . . . 1 . . . Special 16 | . . 7 . . . 4 . . . 5 . . Kinetic 598 | 3 4 24 23 69 169 81 25 2 17 68 103 10 Thermal 47 | . . 7 4 . 24 . . . . 5 7 . Explosive 42 | . 4 19 . 12 6 . . . 1 . . . Electromagnetic 15 | 3 2 . . . 9 . . . . . 1 . Robot Hit Streak 19 | 3 6 5 5 19 10 6 10 . 5 8 14 8 Robot Miss Streak 11 | 2 3 4 9 11 9 6 1 2 2 4 4 1 Penetration Max 1 | . . . . . . 1 . . . 1 1 . Secondary Targets 5 | . . . . 3 1 . . . . 1 . . Max Gunslinging Chain 1 | . . . . 1 1 . . . . 1 . . Shots Hit Robots 457 | 4 4 25 13 42 112 52 21 . 17 75 83 9 Core Hits 271 | 2 6 33 5 18 61 34 5 . 9 28 69 1 Critical Kills 3 | . . . . . 1 . . . . 1 1 . Critical Parts Destroyed 3 | . . . . . . . . . . 2 1 . Critical Strikes 16 | . . 1 . . 2 . . . 1 4 8 . Burn 1 | . . . . . 1 . . . . . . . Meltdown 1 | . . . . . 1 . . . . . . . Destroy 5 | . . . . . . . . . . 3 2 . Blast 8 | . . 1 . . . . . . 1 . 6 . Impale 1 | . . . . . . . . . . 1 . . Melee Attacks 43 | . . . . . . 6 . . 7 29 1 . Impact . | . . . . . . . . . . . . . Slashing . | . . . . . . . . . . . . . Piercing 26 | . . . . . . . . . 7 19 . . Sneak Attacks 31 | . . . . . . 6 . . . 24 1 . Combat Hostiles . | . . . . . . . . . . . . . Follow-up Attacks . | . . . . . . . . . . . . . Damage Inflicted 11743 | 55 218 1044 252 729 2034 891 655 . 458 2065 3157 185 Guns 4582 | 55 41 . 180 645 1353 247 . . . 792 1269 . Cannons 3649 | . . 300 72 . 252 644 655 . 301 271 969 185 Explosions 2358 | . 177 744 . 29 428 . . . 61 . 919 . Melee 1050 | . . . . . . . . . 96 954 . . Ramming 56 | . . . . 55 1 . . . . . . . Kinetic 7693 | 28 14 300 206 645 1317 891 655 . 301 1063 2088 185 Thermal 1376 | . 42 . 46 . 175 . . . . 48 1065 . Explosive 1397 | . 135 744 . 29 428 . . . 61 . . . Electromagnetic 171 | 27 27 . . . 113 . . . . . 4 . Impact . | . . . . . . . . . . . . . Slashing . | . . . . . . . . . . . . . Piercing 1050 | . . . . . . . . . 96 954 . . Highest Corruption 16 | . . . . 2 . 1 16 16 16 . 7 2 Average Corruption 4 | . . . . 2 . 1 12 16 16 . 4 2 Corruption Purged 5 | . . . . . . . . . . . 5 . Corruption Blocked . | . . . . . . . . . . . . . Effects 84 | . . . . 38 . 3 12 8 13 . 10 . Message Errors 19 | . . . . 11 . . 3 1 1 . 3 . Matter Fused 20 | . . . . 11 . 1 1 2 3 . 2 . Heat Flow Errors 10 | . . . . 4 . 1 3 1 . . 1 . Energy Discharges 9 | . . . . 4 . 1 1 1 2 . . . Parts Rejected 3 | . . . . . . . 2 . 1 . . . Parts Fused 1 | . . . . . . . . 1 . . . . Data Loss (minor) 7 | . . . . 3 . . . 1 2 . 1 . Data Loss (major) 4 | . . . . 1 . . . 1 1 . 1 . Misfires 2 | . . . . 1 . . . . 1 . . . Alerts 4 | . . . . 3 . . . . . . 1 . Misdirections 3 | . . . . . . . 1 . 2 . . . Weapon Failures 2 | . . . . . . . 1 . . . 1 . Overload Shots . | . . . . . . . . . . . . . Overflow Damage 461 | . 42 23 . . 7 . . . . 124 260 5 Projectiles 40 | . . . . . . . . . . . 35 5 Explosions 297 | . 42 23 . . 7 . . . . . 225 . Melee 124 | . . . . . . . . . . 124 . . Knockbacks 26 | . . . . . 3 10 . . 2 1 6 4 Impact . | . . . . . . . . . . . . . Kinetic 24 | . . . . . 3 9 . . 2 1 6 3 Secondary 2 | . . . . . . 1 . . . . . 1 Self-Inflicted Damage 666 | . 131 103 . 82 43 . . . . . 307 . Shots 15 | . 3 3 . 4 1 . . . . . 4 . Rammed 9 | . . . . 9 . . . . . . . . Targets Rammed 11 | . . . . 10 1 . . . . . . . Kicked 1 | . . . . . 1 . . . . . . . Crushed 1 | . . . . 1 . . . . . . . . Highest Temperature 585 | 6 42 87 198 254 452 467 585 161 . 208 413 9 Average Temperature 107 | 6 24 29 64 63 99 126 270 58 . 56 165 7 Received Heat Transfer 1969 | 6 . 33 18 74 327 262 . . 531 144 538 36 Effects 46 | . . . . . 4 5 22 . . . 15 . Shutdowns 16 | . . . . . 1 4 4 . . . 7 . Energy Bleed 5 | . . . . . 1 . 2 . . . 2 . Interference 13 | . . . . . 2 . 5 . . . 6 . Matter Decay 1 | . . . . . . 1 . . . . . . Short Circuit 1 | . . . . . . . 1 . . . . . Damage (minor) 5 | . . . . . . . 5 . . . . . Damage (major) 4 | . . . . . . . 4 . . . . . Damage (core) 1 | . . . . . . . 1 . . . . . Siege Activations 2 | . . . . . . . 2 . . . . . Total Turns 21 | . . . . . . . 21 . . . . . Longest Duration 20 | . . . . . . . 20 . . . . . Robots Corrupted . | . . . . . . . . . . . . . Combat Hostiles . | . . . . . . . . . . . . . Parts Fried . | . . . . . . . . . . . . . Impact Corruptions . | . . . . . . . . . . . . . Robots Melted 1 | . . . . . 1 . . . . . . . Combat Hostiles . | . . . . . . . . . . . . . Parts Melted 1 | . . . . . 1 . . . . . . . Heat Transferred 1555 | . 50 . 111 . 444 . . . . 100 850 . Parts Sabotaged . | . . . . . . . . . . . . . Parts Stolen . | . . . . . . . . . . . . . Parts Stripped . | . . . . . . . . . . . . . Power Chain Reactions 2 | . 1 . . . . . . . . . 1 . Alert | -11 -10 -10 -9 -9 -8 -7 -7 -7 -7 -6 -5 -5 ------- Run | Yrd Mat Min Mat Sto Mat Fac Was Fac DSF Fac Fac Upp Peak Influence 478 | 20 150 277 175 200 362 271 48 14 144 204 478 . Initial 100 | . 13 58 27 10 12 100 48 12 9 59 67 . Average 136 | 4 70 126 110 68 222 168 35 12 67 91 226 . Maximum Alert Level 2 | . . 1 . 1 1 1 . . . 1 2 . Low Security (%) 73 | 100 100 79 100 98 25 67 100 100 100 99 51 . Level 1 25 | . . 20 . 1 74 32 . . . . 37 . Level 2 1 | . . . . . . . . . . . 10 . Level 3 . | . . . . . . . . . . . . . Level 4 . | . . . . . . . . . . . . . Level 5 . | . . . . . . . . . . . . . High Security . | . . . . . . . . . . . . . Max Security . | . . . . . . . . . . . . . Squads Dispatched 15 | . . . . 1 4 4 . . 2 1 3 . Investigation 4 | . . . . . 2 2 . . . . . . Extermination 3 | . . . . . . 1 . . . . 2 . Reinforcement 8 | . . . . 1 2 1 . . 2 1 1 . Assault . | . . . . . . . . . . . . . Garrison . | . . . . . . . . . . . . . Intercept . | . . . . . . . . . . . . . Searches Triggered . | . . . . . . . . . . . . . Construction Impeded 1 | . . . . . . . . . . . 1 . Haulers Reinforced . | . . . . . . . . . . . . . Active Scanning Responses . | . . . . . . . . . . . . . Cargo Convoy Interrupts . | . . . . . . . . . . . . . Stealth | -11 -10 -10 -9 -9 -8 -7 -7 -7 -7 -6 -5 -5 --------- Run | Yrd Mat Min Mat Sto Mat Fac Was Fac DSF Fac Fac Upp Distress Signals 12 | . . . 2 2 5 1 . . . . 2 . Communications Jammed . | . . . . . . . . . . . . . Distress Signals . | . . . . . . . . . . . . . Times Spotted 194 | 1 4 21 12 22 41 23 6 1 19 11 25 8 Peak Tracking Total 10 | 1 2 4 4 5 5 4 4 1 10 6 5 10 Tactical Retreats 14 | . . 3 . . 3 4 . . 3 . 1 . Traps | -11 -10 -10 -9 -9 -8 -7 -7 -7 -7 -6 -5 -5 ------- Run | Yrd Mat Min Mat Sto Mat Fac Was Fac DSF Fac Fac Upp Traps Triggered 7 | . . . . 1 1 2 . . 2 1 . . Indirectly . | . . . . . . . . . . . . . Trap Hack Attempts . | . . . . . . . . . . . . . Triggered . | . . . . . . . . . . . . . Disarmed . | . . . . . . . . . . . . . Reprogrammed . | . . . . . . . . . . . . . Reused . | . . . . . . . . . . . . . Traps Extracted . | . . . . . . . . . . . . . Installed . | . . . . . . . . . . . . . Triggered . | . . . . . . . . . . . . . Machines | -11 -10 -10 -9 -9 -8 -7 -7 -7 -7 -6 -5 -5 ---------- Run | Yrd Mat Min Mat Sto Mat Fac Was Fac DSF Fac Fac Upp Machines Disabled 19 | . 3 1 1 1 1 1 . . . 1 10 . Max in Single Turn 6 | . 2 1 . 1 1 1 . . . 1 6 . Machines Repaired . | . . . . . . . . . . . . . Machines Dismantled . | . . . . . . . . . . . . . Machines Sabotaged . | . . . . . . . . . . . . . Overloaded Fab Kills . | . . . . . . . . . . . . . Hacking | -11 -10 -10 -9 -9 -8 -7 -7 -7 -7 -6 -5 -5 --------- Run | Yrd Mat Min Mat Sto Mat Fac Was Fac DSF Fac Fac Upp Machines Accessed 27 | . . . 5 7 5 6 . 1 . 1 2 . Terminals 17 | . . . 2 6 2 4 . 1 . 1 1 . Fabricators 2 | . . . . . . 1 . . . . 1 . Repair Stations 5 | . . . 2 1 1 1 . . . . . . Recycling Units . | . . . . . . . . . . . . . Scanalyzers 3 | . . . 1 . 2 . . . . . . . Garrison Access . | . . . . . . . . . . . . . Total Hacks 85 | . . . 24 21 21 12 . 1 . 2 4 . Successful 56 | . . . 16 17 12 9 . 1 . 1 . . Failed 29 | . . . 8 4 9 3 . . . 1 4 . Catastrophic 5 | . . . 1 . 2 1 . . . . 1 . Database Lockouts . | . . . . . . . . . . . . . Manual 3 | . . . . 3 . . . . . . . . Terminals 41 | . . . 10 14 5 7 . 1 . 2 2 . Fabricators 4 | . . . . . . 2 . . . . 2 . Repair Stations 30 | . . . 12 7 8 3 . . . . . . Recycling Units . | . . . . . . . . . . . . . Scanalyzers 10 | . . . 2 . 8 . . . . . . . Garrison Access . | . . . . . . . . . . . . . Terminal Hacks 29 | . . . 6 12 3 6 . 1 . 1 . . Record 21 | . . . 6 8 3 3 . . . 1 . . Part Schematic 1 | . . . . 1 . . . . . . . . Open Door 1 | . . . . 1 . . . . . . . . Open DSF 3 | . . . . . . 2 . 1 . . . . Branch Access Points 1 | . . . . 1 . . . . . . . . Emergency Access Points 1 | . . . . . . 1 . . . . . . Alert Level 1 | . . . . 1 . . . . . . . . Fabricator Hacks 2 | . . . . . . 2 . . . . . . Load Schematic 2 | . . . . . . 2 . . . . . . Repair Station Hacks 20 | . . . 8 5 6 1 . . . . . . Scan Component 11 | . . . 4 3 3 1 . . . . . . Repair 9 | . . . 4 2 3 . . . . . . . Recycling Unit Hacks . | . . . . . . . . . . . . . Scanalyzer 5 | . . . 2 . 3 . . . . . . . Insert Component 3 | . . . 1 . 2 . . . . . . . Analyze 2 | . . . 1 . 1 . . . . . . . Garrison Access Hacks . | . . . . . . . . . . . . . Unauthorized Hacks . | . . . . . . . . . . . . . Terminals . | . . . . . . . . . . . . . Fabricators . | . . . . . . . . . . . . . Repair Stations . | . . . . . . . . . . . . . Recycling Units . | . . . . . . . . . . . . . Scanalyzers . | . . . . . . . . . . . . . Garrison Access . | . . . . . . . . . . . . . Data Cores Recovered . | . . . . . . . . . . . . . Used . | . . . . . . . . . . . . . Hacking Detections 19 | . . . 2 6 5 3 . . . 1 2 . Full Trace Events 4 | . . . 1 . 1 2 . . . . . . Feedback Events . | . . . . . . . . . . . . . Feedback Blocked . | . . . . . . . . . . . . . Robot Schematics Acquired . | . . . . . . . . . . . . . Robots Built . | . . . . . . . . . . . . . Authchips . | . . . . . . . . . . . . . Time . | . . . . . . . . . . . . . Total Robot Build Rating . | . . . . . . . . . . . . . Part Schematics Acquired 2 | . . . 1 1 . . . . . . . . Parts Built . | . . . . . . . . . . . . . Authchips . | . . . . . . . . . . . . . Time . | . . . . . . . . . . . . . Total Part Build Rating . | . . . . . . . . . . . . . Parts Repaired 9 | . . . 4 2 3 . . . . . . . Time 306 | . . . 128 70 108 . . . . . . . Parts Recycled . | . . . . . . . . . . . . . Recycled Matter . | . . . . . . . . . . . . . Retrieved Matter . | . . . . . . . . . . . . . Retrieved Components . | . . . . . . . . . . . . . Parts Scanalyzed 3 | . . . 1 . 2 . . . . . . . Part Schematics Acquired 1 | . . . 1 . . . . . . . . . Parts Damaged 1 | . . . . . 1 . . . . . . . Bothacking | -11 -10 -10 -9 -9 -8 -7 -7 -7 -7 -6 -5 -5 ------------ Run | Yrd Mat Min Mat Sto Mat Fac Was Fac DSF Fac Fac Upp Used RIF Installer . | . . . . . . . . . . . . . Robots Hacked 17 | . . . . . . 6 . . . 10 1 . Non-combat 16 | . . . . . . 5 . . . 10 1 . Combat 1 | . . . . . . 1 . . . . . . Robot Hacks Applied 18 | . . . . . . 7 . . . 10 1 . parse_system 2 | . . . . . . 2 . . . . . . no_distress 15 | . . . . . . 4 . . . 10 1 . find_recycling 1 | . . . . . . 1 . . . . . . Relay Couplers Released . | . . . . . . . . . . . . . Fabnet Peak Effective % . | . . . . . . . . . . . . . Robots Rewired . | . . . . . . . . . . . . . Allies Hacked . | . . . . . . . . . . . . . Hacks Repelled . | . . . . . . . . . . . . . Allies | -11 -10 -10 -9 -9 -8 -7 -7 -7 -7 -6 -5 -5 -------- Run | Yrd Mat Min Mat Sto Mat Fac Was Fac DSF Fac Fac Upp Total Allies 12 | . . 1 . 10 . . 1 . . . . . Largest Group 10 | . . 1 1 10 . . 1 . . . . . Highest-Rated Group 88 | . . 31 31 88 . . 31 . . . . . Highest-Rated Ally 31 | . . 31 31 31 . . 31 . . . . . Total Orders . | . . . . . . . . . . . . . Ally Attacks 116 | . . . 25 70 . . 21 . . . . . Total Damage 1340 | . . . 360 663 . . 317 . . . . . Kills 21 | . . . 7 13 . . 1 . . . . . Allies Corrupted 1 | . . . . 1 . . . . . . . . Allies Melted . | . . . . . . . . . . . . . Intel | -11 -10 -10 -9 -9 -8 -7 -7 -7 -7 -6 -5 -5 ------- Run | Yrd Mat Min Mat Sto Mat Fac Was Fac DSF Fac Fac Upp Robot Analysis Total . | . . . . . . . . . . . . . Derelict Logs Recovered 3 | . . 2 . . . . . . . . . 1 Drone Launches . | . . . . . . . . . . . . . Drone Recoveries . | . . . . . . . . . . . . . Exploration | -11 -10 -10 -9 -9 -8 -7 -7 -7 -7 -6 -5 -5 ------------- Run | Yrd Mat Min Mat Sto Mat Fac Was Fac DSF Fac Fac Upp Turns Passed 10093 | 87 184 873 854 2562 2171 904 214 137 256 668 1139 44 Spaces Moved 5551 | 73 152 743 442 1075 984 555 87 81 171 406 770 12 Core 92 | 17 . . . . . . . . . . 70 5 Treads 2570 | . . 134 442 1075 754 . 74 81 10 . . . Legs 855 | . . 7 . . 230 555 13 . . . 43 7 Wheels 1732 | 56 152 602 . . . . . . 161 406 355 . Hover . | . . . . . . . . . . . . . Flight 302 | . . . . . . . . . . . 302 . Fastest Speed 32 | 50 80 80 145 145 125 123 123 160 100 100 32 190 Average Speed 141 | 73 80 95 148 211 168 130 156 160 108 102 98 235 Slowest Speed 500 | 80 80 190 225 225 260 195 193 160 160 115 500 300 Overloaded Moves . | . . . . . . . . . . . . . Propulsion Burnouts . | . . . . . . . . . . . . . Robots Hopped 1 | . . . . . . . . . . . 1 . Cave-ins Triggered . | . . . . . . . . . . . . . Exploration Rate (%) 39 | 9 26 96 35 88 60 11 75 2 93 8 13 3 Regions Visited 12 Branch Regions 3 Pre-discovered Areas 1 | . . 1 . . . . . . . . . . Known Exits Taken 5 | . . . 1 . 1 . . 1 . 1 1 . Unknown Exits Taken 4 | 1 1 1 . 1 . . . . . . . . Scrap Searched 1 | . . 1 . . . . . . . . . . Spaces Dug 32 | . . . . 32 . . . . . . . . Terrain Destroyed 506 | . 55 179 . 53 46 9 . 2 15 7 139 1 Melee . | . . . . . . . . . . . . . Projectile 34 | . . 1 . . . 9 . 2 . 7 14 1 AOE 472 | . 55 178 . 53 46 . . . 15 . 125 . Terrain Rammed . | . . . . . . . . . . . . . Walls Destroyed . | . . . . . . . . . . . . . Machines Disabled . | . . . . . . . . . . . . . Actions | -11 -10 -10 -9 -9 -8 -7 -7 -7 -7 -6 -5 -5 --------- Run | Yrd Mat Min Mat Sto Mat Fac Was Fac DSF Fac Fac Upp Total 7123 | 100 208 839 614 1278 1365 661 143 87 213 547 1049 19 Wait 734 | 11 20 39 128 122 217 19 33 . 5 20 120 . Move 5538 | 72 151 742 441 1074 983 555 86 80 170 405 767 12 Hop 1 | . . . . . . . . . . . 1 . Pick Up 114 | 9 13 2 4 16 22 7 1 2 9 15 14 . Fast Attach 49 | . . 10 7 1 4 4 . . 2 11 10 . Attach 73 | 5 6 . 2 3 9 2 2 4 7 10 23 . Detach 9 | . . . . . 2 . . . . . 7 . Swap 64 | . 2 5 4 7 24 13 1 . 1 3 4 . Drop 111 | . 10 10 8 5 31 15 7 . 3 7 15 . Fire 374 | 3 6 31 20 40 72 40 13 1 9 45 87 7 Melee 41 | . . . . . . 6 . . 7 27 1 . Ram . | . . . . . . . . . . . . . Kick 1 | . . . . . 1 . . . . . . . Crush 10 | . . . . 10 . . . . . . . . Escape Stasis 4 | . . . . . . . . . . 4 . . Rewire . | . . . . . . . . . . . . . Trap . | . . . . . . . . . . . . . Miscellaneous . | . . . . . . . . . . . . . Route ------- -11/Scrapyard -10/Materials -10/Mines (discovered 2 exits: *Mat x2) -9/Materials (discovered 2 exits: *Mat / *Sto) -9/Storage (discovered 2 exits: *Mat / Rec) -8/Materials (discovered 2 exits: *Fac x2) -7/Factory -7/Waste -7/Factory -7/DSF -6/Factory -5/Factory (discovered 3 exits: [*Fac] / *Upp / *Ext) -5/Upper Caves History --------- Turn | Location | Event 2 | -11/Scrapyard | Met Revision 17 57 | -11/Scrapyard | Discovered new exit (range 8) 88 | -11/Scrapyard | Entered Materials 175 | -10/Materials | Discovered new exit (range 13) 272 | -10/Materials | Entered Mines 313 | -10/Mines | Build established: Mutant 397 | -10/Mines | Assembled infested the area 660 | -10/Mines | Discovered new exit (range 6) 887 | -10/Mines | Joined a pair of Derelicts in attacking an 0b10 outpost 1128 | -10/Mines | Discovered new exit (range 11) 1130 | -10/Mines | Escorted by a lone wolf Derelict 1145 | -10/Mines | Entered Materials 1145 | -9/Materials | Accompanied by 1 ally 1145 | -9/Materials | Evolved 2 slots: Utility x2 1146 | -9/Materials | Identified exit to Storage 1382 | -9/Materials | Repaired Imp. Ion Engine 1409 | -9/Materials | Repaired ECM Suite 1746 | -9/Materials | Discovered new exit (range 3) 1850 | -9/Materials | Repaired Hrd. Light Armor Plating 1889 | -9/Materials | Repaired Adv. Treads 1999 | -9/Materials | Entered Storage 1999 | -9/Storage | Accompanied by 1 ally 2435 | -9/Storage | Assisted by bots powering up and referring to "LRC-V3" 2621 | -9/Storage | Repaired Shield Generator 2660 | -9/Storage | Repaired Adv. Treads 2736 | -9/Storage | Build established: Commander-Mutant 3156 | -9/Storage | Found Prototype Launcher 3284 | -9/Storage | Discovered new exit (range 16) 3615 | -9/Storage | Identified exit to Recycling 3898 | -9/Storage | Lost 5 allies 4140 | -9/Storage | Build established: Mutant 4561 | -9/Storage | Entered Materials 4561 | -8/Materials | Evolved 2 slots: Utility x1, Weapon x1 4899 | -8/Materials | Build established: Tank 5612 | -8/Materials | Discovered new exit (range 16) 5990 | -8/Materials | Build established: Skirmisher 6437 | -8/Materials | Repaired Autogun 6478 | -8/Materials | Repaired Deuterium Engine 6532 | -8/Materials | Repaired Hrd. Medium Armor Plating 6716 | -8/Materials | Discovered new exit (range 9) 6731 | -8/Materials | Identified exit to Factory 6732 | -8/Materials | Entered Factory 6732 | -7/Factory | Evolved 2 slots: Power x1, Propulsion x1 6741 | -7/Factory | Identified exit to DSF 7243 | -7/Factory | Build established: Mutant 7606 | -7/Factory | Build established: Tank 7636 | -7/Factory | Sucked down chute 7636 | -7/Factory | Entered Waste 7637 | -7/Waste | Met a frightened Derelict 7646 | -7/Waste | Spotted C-40 Crusher 7651 | -7/Waste | EMP discharged 7651 | -7/Waste | System corruption reached 10% 7654 | -7/Waste | Destroyed C-40 Crusher 7724 | -7/Waste | Spotted C-40 Crusher 7736 | -7/Waste | Spotted C-40 Crusher 7741 | -7/Waste | Spotted C-40 Crusher 7747 | -7/Waste | Spotted C-40 Crusher 7748 | -7/Waste | Allies destroyed C-40 Crusher 7751 | -7/Waste | EMP discharged 7774 | -7/Waste | Crushed by Compactor (1 part destroyed, 1 dropped) 7800 | -7/Waste | Spotted C-40 Crusher 7826 | -7/Waste | Discovered new exit (range 16) 7850 | -7/Waste | Entered Factory 7987 | -7/Factory | Identified exit to DSF 7987 | -7/Factory | Entered DSF 8045 | -7/DSF | Additional patrols routed to DSF 8115 | -7/DSF | Discovered new exit (range 11) 8148 | -7/DSF | Core integrity fell below 50% 8168 | -7/DSF | Lost 5 parts (2u3w) 8221 | -7/DSF | Core integrity fell below 20% 8243 | -7/DSF | Entered Factory 8243 | -6/Factory | Evolved 2 slots: Power x1, Propulsion x1 8263 | -6/Factory | Lost 3 parts (1n2u) 8655 | -6/Factory | Discovered new exit (range 16) 8683 | -6/Factory | Lost 3 parts (2p1n) 8735 | -6/Factory | Lost 4 parts (1p2u1w) 8846 | -6/Factory | Identified exit to Factory 8911 | -6/Factory | Entered another Factory area 8911 | -5/Factory | Evolved 2 slots: Power x1, Utility x1 9022 | -5/Factory | Discovered new exit (range 11) 9032 | -5/Factory | Identified exit to Extension 9224 | -5/Factory | Build established: Scavenger-Skirmisher 9356 | -5/Factory | Destroyed 7 combat bots 9440 | -5/Factory | Core integrity fell below 50% 9483 | -5/Factory | Lost 11 parts (4p1n3u3w) 9525 | -5/Factory | Core integrity fell below 20% 9969 | -5/Factory | Lost 3 parts (1p1u1w) 10034 | -5/Factory | Discovered new exit (range 9) 10042 | -5/Factory | Discovered new exit (range 15) 10048 | -5/Factory | Identified exit to Upper Caves 10050 | -5/Factory | Entered Upper Caves 10060 | -5/Upper Caves | Learned Factory trap positions 10090 | -5/Upper Caves | Attracted the attention of an 0b10 outpost 10094 | -5/Upper Caves | Destroyed by H-66 Slayer with Gauss Rifle Last Messages --------------- Acquired derelict log, extracted data. Data stored: Factory trap records. Penetrated by Slug. Imp. Shield Generator destroyed. Penetrated by Slug. Carbon-fiber Leg destroyed. Slug penetrates GN-XDT(S). L-41 Fighter sneak attacks. KE-29R(S) destroyed. Slug penetrates GN-XDT(S). G-50 Soldier knocked back. Adv. Assault Cannon severed. L-41 Fighter knocked back. Y-72 Warden: "DETECTED UNIDENTIFIED DERELICT." Destroyed Carbon-fiber Leg. Mic. Fission Core severed. Y-72 Warden: "REQUESTING BACKUP." Slug penetrates Wall. [Achievement: 5k Club] [Achievement: 10k Club] Map ----- +----------------------------------------------------+ | | | | | | | | | | | | | ?????????????????????????????????????????????????? | | ?????????????????????????????????????????????????? | | ?????????????????????????????????????????????????? | | ?????????????????????????????????????????????????? | | ?????????????????????????????????????????????????? | | ?????????????????????????????????????????????????? | | ?????????????????????????????????????????????????? | | ?????????????????????????????????????????????????? | | ?????????????????????????????????????????????????? | | ?????????????????????????????????????????????????? | | ?????????????????????????????????????????????????? | | ?????????????????????????????????????????????????? | | ?????????????????????????????????????????????????? | | ?????????????????????????????????????????????????? | | ???????????????????????########??????????????????? | | ???????????????????????#########?????????????????? | | ??????????????????????### ###?????????????????? | | ????????????????????##### ##?????????????????? | | ??????????????##########; g ?? ##????????????????? | | ?????????????######### g @##?? #####?????????????? | | ?????????????### ### ##l## ####### ??????????? | | ?????????????## ##g## #### ##???????? | | ?????????????## %h ##???????? | | ?????????????#### Y ???????? | | ?????????????####### ######" ???????? | | ???????????????####### % ##???????? | | ??????????????????#### ???? #???????? | | ??????????????????????????? # ??????????? | | ??????????????????????????? ### ?????????? | | ??????????????????????????? "#? #### ?????????? | | ???????????????????????????????? ###### ?????????? | | ????????????????????????????????#####????????????? | | ?????????????????????????????????????????????????? | | ?????????????????????????????????????????????????? | | ?????????????????????????????????????????????????? | | ?????????????????????????????????????????????????? | | ?????????????????????????????????????????????????? | | ?????????????????????????????????????????????????? | | ?????????????????????????????????????????????????? | | ?????????????????????????????????????????????????? | | ?????????????????????????????????????????????????? | | ?????????????????????????????????????????????????? | | ?????????????????????????????????????????????????? | | ?????????????????????????????????????????????????? | +----------------------------------------------------+ Best States ------------- Heat Dissipation 40 Energy Generation 54 Energy Capacity 440 Matter Stores 300 Matter Capacity 300 Sight Range 16 Robot Scan Range 15 Terrain Scan Range 16 Terrain Scan Density 10 ECM Strength 2 Jamming Range 14 Armor Coverage 450 Weapon Cycling 15 Evasion (%) 63 Targeting Accuracy 11 Melee Accuracy 8 Recoil Reduction 2 Defensive Hacking 10 Item Schematics ----------------- Adv. Treads | -9/Materials | Scanalyzed Scythe | -9/Storage | Hacked Robot Schematics ------------------ None Fabricated ------------ Nothing Alien Tech Used ----------------- None Achievements -------------- 10k Club 5k Club Close Call Crack Shot Hey, That's Mine! I Spy I Survived The Infestation It's Just You Let's See Who's Tougher Librarian Loot Pinata Made in Tau Ceti IV Maybe Next Time I'll Detach My Launcher One Hack Too Far Oops Please Form A Line Remodeling Risk Taker Safety First Serviceable Loadout Storm Trooper System Compromised The More The Merrier Tourist Challenges ------------ None Game ------ Seed CarbideGatlingChronowheel Manual? 0 Play Time 03:14:13 Cumulative 3.8 hours Start 2024.04.01 @ 15:26:10 End 2024.04.02 @ 02:27:02 Sessions 5 Manual Loads 0 Difficulty Rogue Special Mode None Game No. 2 Rogue 2 Adventurer 0 Explorer 0 Win Type - Total 0 Types 0/0/0/0/0/0/0/0/0 Lore% 2 Gallery% 8 Achievement% 10 Wizard Run 0 Options --------- Layout 1 ASCII 0 Keyboard 0 Movement Mouse Keybinds 0 Fullscreen 1 Font 24/Smallcaps Map View 50x35 Zoom Use 0% Tactical HUD 0 Map Filters NONE Filters NONE Steam 0 RUN: ccdd5a5d-6f22-42d3-9ec3-dbce24d9ad1c